 Dungeon Crawl Stone Soup version 0.19.0 (webtiles) character file.

31 Jraekied the Chiller (level 3, 0/24 HPs)
             Began as a Demonspawn Ice Elementalist on Nov 16, 2016.
             Slain by an adder (4 damage)
             ... on level 2 of the Dungeon.
             The game lasted 00:03:40 (1565 turns).

Jraekied the Chiller (Demonspawn Ice Elementalist)  Turns: 1565, Time: 00:03:40

Health: 0/24       AC:  3    Str:  8    XL:     3   Next: 7%
Magic:  3/7        EV: 12    Int: 17    God:
Gold:   57         SH:  0    Dex: 13    Spells: 1 memorised, 6 levels left

rFire  . . .     SeeInvis .     a - +0 mace
rCold  . . .     Gourm    .     g - +0 robe
rNeg   . . .     Faith    .     (no shield)
rPois  .         Spirit   .     (no helmet)
rElec  .         Reflect  .     (no cloak)
rCorr  .         Harm     .     (no gloves)
MR     .....                    (no boots)
Stlth  +.........               (no amulet)
                                (no ring)
                                (no ring)

@: confused, lethally poisoned (0 -> -8), very slightly contaminated
A: hooves 1, rugged brown scales 1
a: no special abilities


You were on level 2 of the Dungeon.
You were not hungry.

You visited 1 branch of the dungeon, and saw 2 of its levels.

You collected 57 gold pieces.

Inventory:

Hand Weapons
 a - a +0 mace (weapon)
 b - a +0 hunting sling
Missiles
 l - 33 stones (quivered)
Armour
 g - a +0 robe (worn)
Jewellery
 h - an uncursed ring of magical power {unknown}
Scrolls
 e - a scroll of recharging {unknown}
 i - 2 scrolls of remove curse {unknown}
 j - a scroll of magic mapping {unknown}
 m - a scroll of fear {unknown}
Potions
 f - a potion of ambrosia
Books
 k - a book of Frost

   Spells                             Type                      Level
   a - Freeze                         Ice                          1
   b - Throw Frost                    Conjuration/Ice              2
   c - Ozocubu's Armour               Charms/Ice                   3
   d - Throw Icicle                   Conjuration/Ice              4
   e - Summon Ice Beast               Ice/Summoning                4
Comestibles
 c - 2 bread rations
 d - a beef jerky


   Skills:
 - Level 1.7 Dodging
 - Level 1.7 Stealth
 + Level 2.7 Spellcasting
   Level 1.0 Conjurations
 + Level 3.3 Ice Magic


You had 6 spell levels left.
You knew the following spells:

 Your Spells              Type           Power        Failure   Level  Hunger
a - Freeze                Ice            ##..         6%          1    #......


Dungeon Overview and Level Annotations

Branches:
Dungeon (2/15)

Altars:


Innate Abilities, Weirdness & Mutations

You have large cloven feet.
You are partially covered in rugged brown scales. (AC +1, +3% HP)


Message History

Casting: Freeze
Confirm with . or Enter, or press ? or * to list all spells.
Aiming: Freeze
Press: ? - help, Shift-Dir - straight line, f/p - adder
Aim: an adder (severely wounded)
You freeze the adder.
The adder seems to slow down.
The adder is almost dead.
* * * LOW HITPOINT WARNING * * *
You feel sick.
a - a +0 mace (weapon)
The adder bites you.
* * * LOW HITPOINT WARNING * * *
You are too injured to fight recklessly!
You are too injured to fight recklessly!
It was a potion of ambrosia.
You are confused.
You feel invigorated.
* * * LOW HITPOINT WARNING * * *
You feel sick.
The adder is no longer moving slowly.
The adder bites you.
You die...

#...........
#..........#
#.........#
#.........###.
.............
............
##.......(..
#....##.....
#.<#@......(
####.S.(.(..
.......(#
..........
..........#
...........#
............#
.............#


You could see an adder.

Vanquished Creatures
  A dart slug (D:1)
  A leopard gecko (D:1)
  4 giant cockroaches (D:1)
  2 goblins
  2 hobgoblins (D:1)
  8 jackals (D:1)
  2 kobolds (D:1)
  A bat (D:1)
  2 frilled lizards (D:1)
23 creatures vanquished.

Notes
Turn   | Place    | Note
-------+----------+-------------------------------------------
     0 | D:1      | Jraekied the Demonspawn Ice Elementalist began the quest for the Orb.
     0 | D:1      | Reached XP level 1. HP: 13/13 MP: 3/3
   565 | D:1      | Gained mutation: You are partially covered in rugged brown scales. (AC +1, +3% HP) [demonic ancestry]
   565 | D:1      | Reached XP level 2. HP: 13/19 MP: 3/5
   666 | D:1      | Reached skill level 3 in Ice Magic
  1444 | D:1      | Gained mutation: You have large cloven feet. [demonic ancestry]
  1444 | D:1      | Reached XP level 3. HP: 24/24 MP: 2/7
  1565 | D:2      | Slain by an adder

Skill      XL: |  1  2 |
---------------+-------+-----
Ice Magic      | 3 |  3.3
Dodging        | |  1.7
Stealth        | |  1.7
Spellcasting   | |  2.7
Conjurations   | |  1.0

Action                   || total
-------------------------++-------
Melee: Unarmed           ||    53
       Mace              ||    11
 Fire: Hunting sling     ||    10
 Cast: Freeze            ||    38
  Use: Potion            ||     1
  Eat: Chunk             ||     2
Armor: Robe              ||    25
Dodge: Dodged            ||    80
